 Dungeon Crawl Stone Soup version 0.18-a0-1361-g9293dd1 (webtiles) character file.

68 sugabear the Insei (level 4, -1/32 HPs)
             Began as a Demonspawn Transmuter on Feb 20, 2016.
             Slain by a kobold (2 damage)
             ... on level 2 of the Dungeon.
             The game lasted 00:04:21 (2163 turns).

sugabear the Insei (Demonspawn Transmuter)          Turns: 2163, Time: 00:04:21

Health: -1/32      AC:  2    Str: 10    XL:     4   Next: 1%
Magic:  0/7        EV: 12    Int: 16    God:
Gold:   44         SH:  0    Dex: 13    Spells: 1 memorised, 6 levels left

rFire  . . .     SeeInvis .       - Unarmed
rCold  . . .     Gourm    .     b - +0 robe
rNeg   . . .     Faith    .     (no shield)
rPois  .         Spirit   +     (no helmet)
rElec  .         Dismiss  .     (no cloak)
rCorr  .         Reflect  .     (no gloves)
SustAt .         Harm     .     (no boots)
MR     .....                    e - amulet of guardian spirit
Stlth  ++........               (no ring)
                                (no ring)

@: appendage, very slightly contaminated, slowed, very slow, not resistant to
hostile enchantments, unstealthy
A: hooves 1, horns 2, nightstalker 1
a: End Transformation


You were on level 2 of the Dungeon.
You were not hungry.
You had grown temporary horns.
You visited 1 branch of the dungeon, and saw 2 of its levels.

You collected 44 gold pieces.

Inventory:

Missiles
 a - 12 arrows
 f - a throwing net
 k - 2 tomahawks (quivered)
Armour
 b - a +0 robe (worn)
Jewellery
 e - an amulet of guardian spirit (around neck)
Scrolls
 g - a scroll of remove curse {unknown}
 h - a scroll of recharging {unknown}
 i - 2 scrolls of identify {unknown}
 j - 3 scrolls of fog {unknown}
 l - a scroll of amnesia {unknown}
 m - a scroll of enchant weapon {unknown}
 p - a scroll of fear {unknown}
Books
 c - a book of Changes

   Spells                             Type                      Level
   a - Beastly Appendage              Transmutation                1
   b - Sticks to Snakes               Transmutation                2
   c - Spider Form                    Transmutation/Poison         3
   d - Ice Form                       Ice/Transmutation            4
   e - Blade Hands                    Transmutation                5
Comestibles
 d - a bread ration
 n - 2 fruits
 o - 6 chunks of flesh


   Skills:
 + Level 1.3 Fighting
 + Level 2.4 Dodging
 + Level 0.4 Stealth
 + Level 3.5 Unarmed Combat
 + Level 2.3 Spellcasting
 + Level 2.0 Transmutations


You had 6 spell levels left.
You knew the following spells:

 Your Spells              Type           Power        Failure   Level  Hunger
a - Beastly Appendage     Trmt           #.....       10%         1    #......


Dungeon Overview and Level Annotations

Branches:
Dungeon (2/15)

Altars:

Annotations:
D:2 Natasha


Innate Abilities, Weirdness & Mutations

You have large cloven feet.
You are slightly more attuned to the shadows.
You have a pair of horns on your head.


Message History

Confirm with . or Enter, or press ? or * to list all spells.
You grow a pair of large bovine horns.
Natasha misses you. The crimson imp misses you. Natasha closely misses you.
The crimson imp hits you.
Unknown command.
You miss Natasha. Natasha casts a spell at you. You resist with some effort.
The crimson imp hits you but does no damage.
The crimson imp blinks!
You closely miss Natasha. You kick Natasha, but do no damage.
The crimson imp disappears in a puff of smoke!
Natasha claws you!
* * * LOW HITPOINT WARNING * * *
Natasha barely misses you.
Unknown command.
You barely miss Natasha. Your kick misses Natasha. You headbutt Natasha!
Natasha is severely wounded.
The kobold hits you.
You die...

.....# #..................#
..>..#######..............(####
.....##......5.#...........#
.....##........#...........#
.....##........#....5......#
.....##........#...........#
.....##........§.§.h5K.....#
#######........h#######.#### #
#.......§K@### #.# #
#........#...# #h# #
#........#...# #.# #
#........#...# #5# #
#........#...# #K# #
#........#...# #.# #
##########...# #.# #
###.##.....# # ###......#


You could see Natasha and a kobold.

Vanquished Creatures
  3 adders (D:2)
  2 worms (D:2)
  2 giant geckos (D:1)
  A ball python (D:1)
  4 bats (D:1)
  A giant cockroach (D:2)
  A goblin (D:1)
  3 hobgoblins (D:1)
  3 kobolds
  A quokka (D:2)
  9 giant newts (D:1)
  7 rats
37 creatures vanquished.

Notes
Turn   | Place    | Note
--------------------------------------------------------------
     0 | D:1      | sugabear the Demonspawn Transmuter began the quest for the Orb.
     0 | D:1      | Reached XP level 1. HP: 15/15 MP: 3/3
   238 | D:1      | Reached skill level 3 in Unarmed Combat
   394 | D:1      | Gained mutation: You are slightly more attuned to the shadows. [demonic ancestry]
   394 | D:1      | Reached XP level 2. HP: 19/21 MP: 3/5
  1149 | D:2      | Noticed Natasha
  1184 | D:1      | Lost mutation: You have claws for feet. [demonic ancestry]
  1184 | D:1      | Lost mutation: You have razor-sharp toenails. [demonic ancestry]
  1184 | D:1      | Lost mutation: You have sharp toenails. [demonic ancestry]
  1184 | D:1      | Gained mutation: You have large cloven feet. [demonic ancestry]
  1184 | D:1      | Reached XP level 3. HP: 11/26 MP: 1/6
  1623 | D:2      | HP: 1/26 [poisoned by an adder]
  2138 | D:2      | Reached XP level 4. HP: 25/32 MP: 5/7
  2162 | D:2      | HP: 1/32 [Natasha (10)]
  2163 | D:2      | Slain by a kobold

Vault maps used:
D:1:      roderic_crossed_star, minmay_newt_pond
D:2:      kennysheep_generic_room_14, uniq_natasha

Action                   |  1- 3 |  4- 6 || total
-------------------------+-------+-------++-------
Melee: Unarmed           |   143 |     3 ||   146
 Cast: Beastly Appendage |    22 |     1 ||    23
  Use: Potion            |     1 |       ||     1
 Stab: Sleeping          |     3 |       ||     3
  Eat: Chunk             |     2 |       ||     2
       Bread ration      |     1 |       ||     1
